 Dungeon Crawl Stone Soup version 0.31-a0-1529-g7bd419a0e5 (webtiles) character file.

Game seed: 15831946271332882968

4258 dialectric the Ruffian (level 10, 0/95 (96) HPs)
             Began as a Troll Shapeshifter on Jan 1, 2024.
             Was a High Priest of Jiyva.
             Slain by a wolf (5 damage)
             ... in a Gauntlet.
             The game lasted 00:06:06 (3348 turns).

dialectric the Ruffian (Troll Shapeshifter)         Turns: 3348, Time: 00:06:07

HP:   0/95 (96)     AC:  6    Str: 26    XL:     10   Next: 10%
MP:   9/9           EV: 11    Int:  6    God:    Jiyva [*****.]
Gold: 198           SH:  0    Dex: 11    Spells: 9/9 levels left

rFire   . .          .
                       - Unarmed
rCold   . . .        (no shield)
rNeg    . . .        a - +0 animal skin
rPois   .            (helmet currently unavailable)
rElec   .            (cloak currently unavailable)
rCorr   +            (gloves unavailable)
SInv    +            (boots unavailable)
Will    .....        (no amulet)
Stlth   +            f - ring of see invisible
HPRegen 2.59/turn    (no ring)
MPRegen 0.83/turn

%: no teleportation
@: beast-form, lightly drained
A: beast (slay +3), large, unfitting armour, claws 3, regeneration 1, shaggy fur
1, tough skin 1, iridescent scales 1, sense surroundings 1, persistent drain
a: Begin Untransformation, Renounce Religion, Oozemancy, Slimify


You were in a Gauntlet.
You worshipped Jiyva.
Jiyva was extremely pleased with you.
You were a hulking beast.
You visited 2 branches of the dungeon, and saw 8 of its levels.
You also visited: Gauntlet.

You collected 198 gold pieces.

Inventory:

Missiles
 l - 2 darts of dispersal
Armour
 a - a +0 animal skin (worn)
 o - a +1 hat of see invisible
 s - a +1 pair of gloves
Jewellery
 f - a ring of see invisible (left claw)
Talismans
 c - a beast talisman
 d - a flux talisman
Scrolls
 g - a scroll of poison {unknown}
 k - a scroll of fear {unknown}
 m - a scroll of fog {unknown}
 r - a scroll of teleportation {unknown}
Potions
 b - a potion of lignification
 e - a potion of berserk rage
 h - a potion of haste {unknown}
 i - 2 potions of mutation
 j - 2 potions of heal wounds
 n - a potion of ambrosia
 p - 2 potions of curing {unknown}
 t - a potion of magic {unknown}


   Skills:
 + Level 5.4 Fighting
 - Level 5.1 Armour
 + Level 5.7 Dodging
 + Level 7.2 Unarmed Combat
 * Level 6.9 Shapeshifting


You had 9 spell levels left.
You didn't know any spells.
Your spell library contained the following spells:

 Spells                   Type           Power      Damage    Failure   Level
 Cigotuvi's Dreadful Rot  Necr/Alch/Air  0%         N/A       58%         2
 Tukima's Dance           Hex            0%         N/A       83%         3
 Ignite Poison            Fire/Alch      0%         N/A       99%         4
 Passage of Golubria      Tloc           0%         N/A       99%         4
 Freezing Cloud           Conj/Ice/Air   0%         6-21      100%        5
 Yara's Violent Unravell  Hex/Alch       0%         3d3       100%        5


Dungeon Overview and Level Annotations

Branches:
Dungeon (9/15)             Temple (0/1) D:6            Lair (1/5) D:9
Gauntlet (1/1)
    Orc: D:9-12

Altars:
Cheibriados
Elyvilon
Fedhas
Gozag
Makhleb
Ru
Uskayaw
Wu Jian
Xom
Zin
Jiyva

Shops:
D:2 *

Annotations:
Gauntlet 5 transporters


Innate Abilities, Weirdness & Mutations

You are a hulking beast.
Your limbs bulge with bestial killing power. (Slay +3)
You are too large for most types of armour.
You have claws for hands.
Your natural rate of healing is unusually fast.
You are covered in fur. (AC +1)
You have tough skin. (AC +1)
You are partially covered in iridescent scales. (AC +2)
You passively map a small area around you.
Your health recovers twice as slowly from being drained.


Message History

The wolf bites you. x2; The wolf bites you but does no damage. x2
The moth of wrath goads the wolf on!
The wolf goes berserk!
Unknown command.
As you read the scroll labelled ABLAEKHLOSSU, it crumbles to dust.
It is a scroll of brand weapon.
You aren't carrying any weapons that can be branded.
The wolf bites you. The wolf bites you but does no damage.
The wolf closely misses you. The wolf bites you!
The wolf bites you but does no damage. The wolf misses you.
You barely miss the wolf.
The wolf is severely wounded.
The wolf bites you. The wolf closely misses you. The wolf bites you. x2
The moth of wrath goads the wolf on!
The wolf goes berserk!
The wolf closely misses you.
Unknown command.
You miss the wolf.
The wolf is severely wounded.
The wolf bites you but does no damage. The wolf closely misses you.
The wolf bites you. x3; The wolf completely misses you.
The wolf bites you but does no damage. The wolf completely misses you.
The wolf bites you!
Unknown command.
You claw the wolf!
You kill the wolf!
The wolf bites you!
* * * LOW HITPOINT WARNING * * *
The wolf bites you.
* * * LOW HITPOINT WARNING * * *
The wolf bites you.
* * * LOW HITPOINT WARNING * * *
The wolf bites you.
* * * LOW HITPOINT WARNING * * *
You scratch the moth of wrath.
The moth of wrath is lightly wounded.
The wolf bites you.
* * * LOW HITPOINT WARNING * * *
The wolf closely misses you. The wolf bites you.
* * * LOW HITPOINT WARNING * * *
The moth of wrath closely misses you. The wolf bites you.
You die...

....≈....#.©.#.....#
.8.≈8≈.8.#...#.8...###
≈....#.©.#.....#8# * *
..###########..### , ,
..#...#.#...#..# * ,
,..#..#...#..#..###
###.# .h.##.#..#8# *
..##..#h#..##..###
##©.©#..hhhy...#..# ,
.#...##..#h#..##..###
.#####.#######.#..#8#
*
.#...#..#...#..#..###
.#.8.#...$©..yh#..# *
##...###########..###
..................#8#
,
.................≈###
* ###################


You could see a moth of wrath and 5 wolves.

Vanquished Creatures
  A soul eater (Gauntlet)
  2 kobold demonologists (D:9)
  2 komodo dragons (Lair:1)
  Prince Ribbit (D:6)
  3 wyverns
  A warg (D:9)
  A water moccasin (Lair:1)
  Duvessa (D:6)
  A black bear (D:3)
  An ice beast (D:6)
  An ogre (D:4)
  3 wolves
  A centaur (D:6)
  3 kobold brigands (D:9)
  2 bullfrogs
  Dowan (D:6)
  3 killer bees (D:9)
  2 howler monkeys
  4 orc priests
  A hound (D:5)
  A sleepcap (D:6)
  2 iguanas
  5 orc wizards
  Robin (D:3)
  8 adders
  4 shadow imps (Gauntlet)
  A white imp (D:6)
  4 dart slugs
  14 orcs
  2 endoplasms (D:1)
  2 giant cockroaches
  12 goblins
  5 hobgoblins
  3 quokkas
  8 ball pythons
  4 bats
  A frilled lizard (D:1)
  10 kobolds
  2 rats
124 creatures vanquished.

Vanquished Creatures (others)
  A bombardier beetle (D:4)
  A hound (D:4)
  6 jellies
  An iguana (D:4)
  4 orc wizards
  2 adders (D:3)
  A ribbon worm (D:3)
  2 endoplasms (D:4)
  6 orcs
  A ball python (D:3)
  A giant cockroach (D:4)
  A goblin (D:3)
  A hobgoblin (D:3)
  A kobold (D:3)
29 creatures vanquished.

Grand Total: 153 creatures vanquished

Notes
Turn   | Place    | Note
-------+----------+-------------------------------------------
     0 | D:1      | dialectric the Troll Shapeshifter began the quest for the
                  | Orb.
     0 | D:1      | Reached XP level 1. HP: 18/18 MP: 0/0
   174 | D:1      | Reached skill level 1 in Fighting
   184 | D:1      | Reached XP level 2. HP: 24/27 MP: 1/1
   359 | D:2      | Reached XP level 3. HP: 33/33 MP: 2/2
   398 | D:2      | Found a hide-covered altar of Uskayaw.
   497 | D:2      | Reached skill level 1 in Armour
   520 | D:2      | Found a faded altar of an unknown god.
   550 | D:2      | Prayed at the altar of an unknown god.
   550 | D:2      | Became a worshipper of Jiyva Jiogae the Shapeless
   550 | D:2      | Reached * piety under Jiyva
   699 | D:2      | Found Etiff's Assorted Antiques.
   797 | D:2      | Reached XP level 4. HP: 41/41 MP: 3/3
   840 | D:3      | Found a glowing silver altar of Zin.
   847 | D:3      | Reached ** piety under Jiyva
   904 | D:3      | Found an opulent altar of Gozag.
   955 | D:3      | Noticed Robin
   980 | D:3      | Killed Robin
  1381 | D:3      | Found a burning altar of Makhleb.
  1381 | D:3      | Noticed a blizzard demon
  1464 | D:3      | Noticed a black bear
  1474 | D:3      | Killed a black bear
  1475 | D:3      | Reached XP level 5. HP: 31/49 MP: 4/4
  1529 | D:3      | Found a shimmering altar of Xom.
  1838 | D:4      | Noticed an ogre
  1844 | D:4      | Killed an ogre
  1845 | D:4      | Reached skill level 4 in Unarmed Combat
  1845 | D:4      | Reached XP level 6. HP: 54/58 MP: 5/5
  1862 | D:5      | Entered Level 5 of the Dungeon
  1862 | D:5      | Reached *** piety under Jiyva
  1879 | D:5      | Found a sacrificial altar of Ru.
  1914 | D:5      | Gained mutation: You passively map a small area around you.
                  | [Jiyva's grace]
  1914 | D:5      | Gained mutation: You passively map the area around you.
                  | [Jiyva's grace]
  1914 | D:5      | Gained mutation: You passively map a large area around you.
                  | [Jiyva's grace]
  1914 | D:5      | Gained mutation: You are robust. (+10% HP) [Jiyva's grace]
  2032 | D:4      | Reached XP level 7. HP: 72/72 MP: 6/6
  2232 | D:4      | Found a white marble altar of Elyvilon.
  2293 | D:6      | Noticed Duvessa
  2294 | D:6      | Noticed Dowan
  2301 | D:6      | Killed Duvessa
  2307 | D:6      | Killed Dowan
  2334 | D:6      | Noticed Prince Ribbit
  2349 | D:6      | Killed Prince Ribbit
  2350 | D:6      | Reached skill level 5 in Unarmed Combat
  2350 | D:6      | Reached XP level 8. HP: 44/82 MP: 7/7
  2426 | D:6      | Found a staircase to the Ecumenical Temple.
  2559 | D:6      | Reached **** piety under Jiyva
  2568 | D:6      | Reached skill level 5 in Shapeshifting
  2606 | D:6      | You fall into a shaft and drop 3 floors!
  2630 | D:9      | Found an ornate altar of the Wu Jian Council.
  2637 | D:9      | Noticed a kobold demonologist
  2645 | D:9      | Noticed a kobold demonologist
  2647 | D:9      | Lost mutation: You passively map a large area around you.
                  | [potion of mutation]
  2647 | D:9      | Lost mutation: You passively map the area around you.
                  | [potion of mutation]
  2647 | D:9      | Lost mutation: You are robust. (+10% HP) [potion of
                  | mutation]
  2647 | D:9      | Gained mutation: Your health recovers twice as slowly from
                  | being drained. [potion of mutation]
  2647 | D:9      | Gained mutation: You are partially covered in iridescent
                  | scales. (AC +2) [potion of mutation]
  2660 | D:9      | Killed a kobold demonologist
  2672 | D:9      | Killed a kobold demonologist
  2673 | D:9      | Reached skill level 6 in Unarmed Combat
  2673 | D:9      | Reached XP level 9. HP: 66/85 MP: 8/8
  2702 | D:9      | Found a snail-covered altar of Cheibriados.
  2847 | D:9      | Found a blossoming altar of Fedhas.
  2911 | D:9      | Reached skill level 5 in Dodging
  2984 | D:9      | Found a staircase to the Lair.
  2998 | Lair:1   | Entered Level 1 of the Lair of Beasts
  2998 | Lair:1   | Noticed a komodo dragon
  3005 | Lair:1   | Killed a komodo dragon
  3006 | Lair:1   | Reached skill level 5 in Fighting
  3096 | Lair:1   | Noticed a komodo dragon
  3123 | Lair:1   | Killed a komodo dragon
  3124 | Lair:1   | Reached skill level 5 in Armour
  3124 | Lair:1   | Reached skill level 7 in Unarmed Combat
  3145 | Lair:1   | Found a gate leading to a gauntlet.
  3161 | Gauntlet | Entered a Gauntlet
  3161 | Gauntlet | Found a transporter.
  3161 | Gauntlet | Found a transporter.
  3163 | Gauntlet | Found a transporter.
  3163 | Gauntlet | Found a transporter.
  3164 | Gauntlet | Noticed a soul eater
  3166 | Gauntlet | Found a transporter.
  3186 | Gauntlet | Found a transporter.
  3189 | Gauntlet | Noticed a moth of wrath
  3201 | Gauntlet | Found a transporter.
  3212 | Gauntlet | Found a transporter.
  3253 | Gauntlet | Reached ***** piety under Jiyva
  3308 | Gauntlet | Killed a soul eater
  3309 | Gauntlet | Reached XP level 10. HP: 49/94 MP: 9/9
  3348 | Gauntlet | Slain by a wolf

Illustrated notes

Levels and vault maps discovered:
D:1:      lightli_arrival_maybe_door_vault, layout_rooms
D:2:      layout_loops_ring, serial_rivers, chequers_serial_rivers_micro_c,
          chequers_serial_rivers_small_a, chequers_serial_rivers_room_b,
          chequers_serial_rivers_marsh, chequers_serial_rivers_micro_a,
          chequers_serial_rivers_micro_a, dreamdust_ecumenical_altar_grove,
          serial_shops, nicolae_shop_hallway_stairs, basic_altar
D:3:      layout_basic, xom_confusion_cloud, mainiacjoe_overflow_catwalk,
          lemuel_crystal_altar, makhleb_altar_promises_db, uniq_robin
D:4:      layout_rooms, nicolae_elyvilon_temple_path
D:5:      layout_cave_pools, nicolae_ru_sacrificial_ziggurat,
          nicolae_dithmenos_shadow_blocks, nicolae_vehumet_radiance,
          gammafunk_ghost_cemetery
D:6:      layout_basic, nicolae_ashenzari_panopticon,
          minmay_temple_entry_statues_fountains, lightli_minifort,
          uniq_prince_ribbit1, uniq_duvessa, uniq_edmund
D:9:      layout_roguey, fedhas_altar_3, grunt_temple_overflow_open,
          erik_lair_orcish_takeover
Lair:1:   layout_cave_pods, gauntlet_entry_generic
Gauntlet: gammafunk_gauntlet_shortcut [gammafunk_gauntlet_arena_hedges,
          nicolae_gauntlet_arena_x, nicolae_gauntlet_arena_blocks,
          gammafunk_gauntlet_arena_chambers,
          gammafunk_gauntlet_arena_arrow_garden,
          gammafunk_gauntlet_arena_spirals, gauntlet_exit_watery]

Skill      XL: |  1  2  3  4  5  6  7  8  9 |
---------------+----------------------------+-----
Fighting       | 1 2 3 4 5 |  5.4
Armour         | 1 2 3 4 5 |  5.1
Dodging        | 2 3 4 5 |  5.7
Unarmed Combat | 4 5 6 7 |  7.2
Shapeshifting  | 4 5 6 |  6.9

Action                     |  1- 3 |  4- 6 |  7- 9 | 10-12 || total
---------------------------+-------+-------+-------+-------++-------
  Melee: Unarmed           |    71 |   102 |   186 |    13 ||   372
         Punch             |       |     3 |     9 |       ||    12
    Use: Potion            |       |       |     2 |       ||     2
         Scroll            |       |       |     4 |     1 ||     5
 Armour: Animal skin       |    54 |    81 |   189 |    31 ||   355
  Dodge: Dodged            |    20 |    47 |   120 |    13 ||   200

Table legend: (Time is in decaauts)
 A = Elapsed time spent in this place.
 B = Non-inter-level travel time spent in this place.
 C = Inter-level travel time spent in this place.
 D = Time resting spent in this place.
 E = Time spent auto-exploring this place.
 F = Levels seen in this place.
 G = Mean time per level.
                   A        B        C        D        E       F      G
               +--------+--------+--------+--------+--------+-----+--------+
         Total |   3319 |   3254 |     65 |      9 |   2045 |   9 |  368.8 |
       Dungeon |   2969 |   2904 |     65 |      9 |   2028 |   7 |  424.1 |
          Lair |    165 |    165 |      0 |      0 |      0 |   1 |  165.0 |
      Gauntlet |    183 |    183 |      0 |      0 |     17 |   1 |  183.0 |
               +--------+--------+--------+--------+--------+-----+--------+

Top non-repeatable levels by time:
     D:3: 912 daAuts
     D:2: 487 daAuts
     D:4: 421 daAuts
     D:9: 383 daAuts
     D:1: 344 daAuts
     D:6: 334 daAuts
Gauntlet: 183 daAuts
  Lair:1: 165 daAuts
     D:5: 86 daAuts
